 Dungeon Crawl Stone Soup version 0.21.1-1-g345015f (webtiles) character file.

2996 inc the Slicer (level 9, -7/51 HPs)
             Began as an Octopode Enchanter on Apr 26, 2018.
             Was an Initiate of Gozag.
             Mangled by Grum
             ... wielding a +1 glaive
              (22 damage)
             ... on level 8 of the Dungeon.
             The game lasted 00:18:51 (8815 turns).

inc the Slicer (Octopode Enchanter)                 Turns: 8815, Time: 00:18:52

Health: -7/51      AC:  1    Str: 10    XL:     9   Next: 84%
Magic:  16/18      EV: 14    Int: 20    God:    Gozag
Gold:   614        SH:  6    Dex: 12    Spells: 14/20 levels left

rFire    . . .     SeeInvis .   u - +4 dagger (elec)
rCold    . . .     Gourm    .   n - +1 buckler
rNeg     . . .     Faith    .   (helmet restricted)
rPois    .         Spirit   .   (no amulet)
rElec    .         Reflect  .   d - ring of protection from magic
rCorr    .         Harm     .   r - ring of protection from magic
MR       ++...                  (no ring)
Stlth    ++++......             (no ring)
HPRegen  0.57/turn              (no ring)
MPRegen  0.16/turn              (no ring)
                                (no ring)
                                (no ring)

@: gold aura
A: almost no armour, stealthy swim, amphibious, 8 rings, constrict 8, camouflage
1, blurry vision 1, regeneration 1, strong 1, wild magic 1, gelatinous body 1
a: Potion Petition, Call Merchant, Bribe Branch, Renounce Religion


You were on level 8 of the Dungeon.
You worshipped Gozag.
Gozag was pleased with you.
You were not hungry.

You visited 2 branches of the dungeon, and saw 9 of its levels.
You also visited: Sewer.

You collected 724 gold pieces.
You paid 110 gold pieces to Gozag.

Inventory:

Hand Weapons
 u - a +4 dagger of electrocution (weapon)
Armour
 n - a +1 buckler (worn)
Magical Staves
 s - an uncursed staff of air
Jewellery
 d - a ring of protection from magic (left tentacle)
 r - a ring of protection from magic (right tentacle)
Wands
 v - a wand of flame (8)
Scrolls
 a - a scroll of torment {unknown}
 g - 7 scrolls of identify
 h - 2 scrolls of blinking
 i - 3 scrolls of immolation
 k - 3 scrolls of amnesia {unknown}
 l - 5 scrolls of teleportation
 p - a scroll of enchant armour
 y - a scroll of fog
Potions
 e - 3 potions of curing
 f - 2 potions of lignification
 j - a potion of ambrosia
 m - 3 potions of agility
 o - 2 potions of flight
 q - 2 potions of degeneration
 t - 3 potions of magic
 w - a potion of haste {unknown}
 x - a potion of heal wounds
Books
 b - a book of Maledictions

   Spells                             Type                      Level
   a - Corona                         Hexes                        1
   b - Ensorcelled Hibernation        Hexes/Ice                    2
   c - Confuse                        Hexes                        3
   d - Tukima's Dance                 Hexes                        3
   e - Dazzling Spray                 Conjuration/Hexes            3
Comestibles
 c - 7 rations


   Skills:
 + Level 8.4 Short Blades
 - Level 3.3 Dodging
 - Level 6.0 Stealth
 - Level 5.2 Shields
 - Level 6.0 Spellcasting
 - Level 3.0 Hexes
 - Level 4.3 Ice Magic


You had 14 spell levels left.
You knew the following spells:

 Your Spells              Type           Power        Failure   Level  Hunger
a - Corona                Hex            ###....      5%          1    None
b - Ensorcelled Hibernat  Hex/Ice        ####..       6%          2    None
c - Confuse               Hex            ###.....     13%         3    ##.....


Dungeon Overview and Level Annotations

Branches:
Dungeon (8/15)             Temple (1/1) D:6
   Lair: D:8-11

Altars:
Ashenzari
Cheibriados
Dithmenos
Elyvilon
Fedhas
Gozag
Hepliaklqana
Kikubaaqudgha
Nemelex Xobeh
Okawaru
Qazlal
Ru
Sif Muna
Trog
Vehumet
Xom
Yredelemnul
Zin
The Shining One

Annotations:
D:8 Grum, Joseph


Innate Abilities, Weirdness & Mutations

You cannot wear most types of armour.
You are very stealthy in the water. (Stealth+)
You are amphibious.
You can wear up to eight rings at the same time.
You can use your tentacles to constrict eight enemies at once.
Your skin changes colour to match your surroundings (Stealth+).
Your rubbery body absorbs attacks. (AC +1, EV +1)
Scrolls take you a little longer to read.
Your natural rate of healing is unusually fast.
Your muscles are strong. (Str +2)
Your spells are a little harder to cast, but a little more powerful.


Message History

The wolf is distracted by the nearby gold.
You block Grum's attack.
The wolf howls!
You hit the wolf.
The wolf is no longer distracted by gold.
Your grab misses the wolf. Your squeeze misses the wolf.
The wolf is heavily wounded.
The wolf bites you!
* * * LOW HITPOINT WARNING * * *
Things that are here:
6 gold pieces; a short sword
Casting: Confuse
Confirm with . or Enter, or press ? or * to list all spells.
Aiming: Ensorcelled Hibernation
Press: ? - help, Shift-Dir - straight line, f - wolf
Aim: a wolf (heavily wounded, chance to defeat MR: 56%)
The wolf looks drowsy...
Grum hits you from afar with an enchanted glaive!!
You die...
Your body crumbles into a pile of gold.

..o ..###........# .o..
...........# ......
#........#
.gh...###........# .
##oo..............####..
...#.#####.@.......... ..
#................... ...
#.......o###.###..## ....
.............###@.###....
#.........h..#.#h.......#
#............#.#g$.......
###........)$#.h.........
###.........g............
.............#$#.........
.............#.#.........
.............############
.............#


You could see Grum and 2 wolves.

Vanquished Creatures
  2 hippogriffs (D:7)
  Sigmund (D:3)
  Purgy (Sewer)
  Edmund (D:6)
  A water moccasin (D:5)
  2 orc warriors (D:6)
  A sky beast (D:7)
  3 ogres
  A centaur (D:5)
  A wolf (D:8)
  A water moccasin zombie (D:7)
  2 scorpions
  A howler monkey (D:4)
  3 crimson imps
  7 hounds
  2 bullfrog skeletons
  4 orc priests
  A centaur skeleton (D:4)
  3 jellies
  7 orc wizards
  8 worker ants
  A mummy (D:4)
  6 gnolls
  2 howler monkey skeletons
  7 adders
  3 shadow imps
  2 oozes
  2 adder skeletons
  3 worms
  2 dart slugs
  4 leopard geckos
  24 orcs
  A ball python (D:2)
  9 giant cockroaches
  6 goblins
  12 hobgoblins
  10 jackals
  4 quokkas
  A ball python skeleton (D:4)
  6 bats
  4 frilled lizards
  2 hobgoblin zombies (D:4)
  A jackal skeleton (D:6)
  7 kobolds
  A kobold zombie (D:4)
  A leopard gecko skeleton (D:6)
  A leopard gecko zombie (D:5)
  An orc zombie (D:4)
  A quokka skeleton (D:5)
  7 rats
  A spectral orc (D:3)
185 creatures vanquished.

Notes
Turn   | Place    | Note
-------+----------+-------------------------------------------
     0 | D:1      | inc the Octopode Enchanter began the quest for the Orb.
     0 | D:1      | Reached XP level 1. HP: 11/11 MP: 3/3
   325 | D:1      | Reached skill level 2 in Short Blades
   325 | D:1      | Reached XP level 2. HP: 16/17 MP: 5/5
   777 | D:1      | Reached XP level 3. HP: 21/21 MP: 6/6
  1423 | D:2      | Found a sacrificial altar of Ru.
  1498 | D:2      | Learned a level 2 spell: Ensorcelled Hibernation
  1502 | D:2      | Learned a level 3 spell: Confuse
  1700 | D:2      | Reached skill level 1 in Ice Magic
  1733 | D:2      | Reached XP level 4. HP: 27/27 MP: 4/7
  1924 | D:3      | Found a glowing drain.
  1941 | Sewer    | Entered a sewer
  1961 | Sewer    | Noticed Purgy
  2338 | Sewer    | Killed Purgy
  2338 | Sewer    | Reached skill level 3 in Short Blades
  2338 | Sewer    | Reached XP level 5. HP: 29/31 MP: 3/8
  3188 | D:3      | Found a basalt altar of Yredelemnul.
  3334 | D:3      | Noticed Sigmund
  3537 | D:4      | Noticed an ogre
  3540 | D:4      | Killed an ogre
  3540 | D:4      | Reached XP level 6. HP: 25/36 MP: 8/11
  3835 | D:5      | Entered Level 5 of the Dungeon
  3981 | D:4      | Reached XP level 7. HP: 29/41 MP: 5/14
  4095 | D:4      | Reached skill level 5 in Spellcasting
  4937 | D:5      | Reached skill level 5 in Stealth
  5331 | D:5      | Reached skill level 1 in Shields
  5907 | D:3      | Found a hazy altar of Hepliaklqana.
  5907 | D:3      | Found a deep blue altar of Sif Muna.
  5962 | D:3      | Killed Sigmund
  5962 | D:3      | Reached XP level 8. HP: 44/46 MP: 9/16
  6709 | D:5      | Found a stormy altar of Qazlal.
  6848 | D:6      | Gained mutation: You are agile. (Dex +2) [potion of mutation]
  6848 | D:6      | Gained mutation: Your muscles are strong. (Str +2) [potion of mutation]
  6848 | D:6      | Gained mutation: You are dopey. (Int -2) [potion of mutation]
  6848 | D:6      | Gained mutation: You are resistant to electric shocks. (rElec) [potion of mutation]
  6849 | D:6      | Lost mutation: You are resistant to electric shocks. (rElec) [potion of mutation]
  6849 | D:6      | Lost mutation: Your muscles are strong. (Str +2) [potion of mutation]
  6849 | D:6      | Gained mutation: Scrolls take you a little longer to read. [potion of mutation]
  6849 | D:6      | Lost mutation: You are agile. (Dex +2) [potion of mutation]
  6849 | D:6      | Gained mutation: Your flesh is cold resistant. (rC+) [potion of mutation]
  6849 | D:6      | Lost mutation: Scrolls take you a little longer to read. [potion of mutation]
  6850 | D:6      | Lost mutation: Your flesh is cold resistant. (rC+) [potion of mutation]
  6850 | D:6      | Lost mutation: You are dopey. (Int -2) [potion of mutation]
  6850 | D:6      | Gained mutation: You are resistant to hostile enchantments. (MR+) [potion of mutation]
  6850 | D:6      | Gained mutation: You are dopey. (Int -2) [potion of mutation]
  6850 | D:6      | Gained mutation: You are agile. (Dex +2) [potion of mutation]
  6851 | D:6      | Lost mutation: You are agile. (Dex +2) [potion of mutation]
  6851 | D:6      | Lost mutation: You are dopey. (Int -2) [potion of mutation]
  6851 | D:6      | Lost mutation: You are resistant to hostile enchantments. (MR+) [potion of mutation]
  6851 | D:6      | Gained mutation: Scrolls take you a little longer to read. [potion of mutation]
  6851 | D:6      | Gained mutation: Your spells are a little harder to cast, but a little more powerful. [potion of mutation]
  6851 | D:6      | Gained mutation: Your natural rate of healing is unusually fast. [potion of mutation]
  6851 | D:6      | Gained mutation: Your muscles are strong. (Str +2) [potion of mutation]
  7124 | D:6      | Reached skill level 4 in Short Blades
  7186 | D:6      | Found a staircase to the Ecumenical Temple.
  7227 | Temple   | Entered the Ecumenical Temple
  7419 | Temple   | Became a worshipper of Gozag Ym Sagoz the Greedy
  7464 | D:6      | Noticed Edmund
  7541 | D:6      | Killed Edmund
  7541 | D:6      | Reached skill level 5 in Shields
  7541 | D:6      | Reached XP level 9. HP: 51/51 MP: 14/17
  7671 | D:6      | Found a blossoming altar of Fedhas.
  7758 | D:6      | Reached skill level 5 in Short Blades
  7949 | D:7      | Reached skill level 6 in Short Blades
  8043 | D:7      | Reached skill level 7 in Short Blades
  8343 | D:7      | Reached skill level 8 in Short Blades
  8785 | D:8      | Noticed Grum
  8795 | D:8      | Noticed Joseph
  8815 | D:8      | Mangled by Grum

Skill      XL: |  1  2  3  4  5  6  7  8  9 |
---------------+----------------------------+-----
Short Blades   | 2 3 4 8 |  8.4
Dodging        | 3 |  3.3
Ice Magic      | 1 3 4 |  4.3
Spellcasting   | 3 4 5 6 |  6.0
Stealth        | 6 |  6.0
Shields        | 2 5 |  5.2
Hexes          | |  3.0

Action                   |  1- 3 |  4- 6 |  7- 9 || total
-------------------------+-------+-------+-------++-------
Melee: Dagger            |    76 |    73 |   256 ||   405
       Constrict         |    15 |    10 |    61 ||    86
       Tentacles         |     7 |    14 |    33 ||    54
 Cast: Ensorcelled Hiber |     3 |    29 |    50 ||    82
       Confuse           |       |     2 |     2 ||     4
  Use: Scroll            |       |    10 |     7 ||    17
       Potion            |       |     4 |     4 ||     8
 Stab: Sleeping          |    15 |    23 |    35 ||    73
       Confused          |       |     1 |       ||     1
       Distracted        |       |       |     1 ||     1
  Eat: Chunk             |     3 |     5 |     7 ||    15
       Ration            |       |     1 |     3 ||     4
Armor: Skin              |     4 |     7 |     3 ||    14
Dodge: Dodged            |    40 |    58 |   106 ||   204
Block: Buckler           |       |       |    28 ||    28
